Boston Bruins vs Philadelphia Flyers

Created - samedi, 27 janvier 2024 at 19:00

Goals
1 2 3 OT1 SO T
Boston Bruins 0 0 3 0 2 4
Philadelphia Flyers 2 1 0 0 0 3
Shots
1 2 3 OT1 SO T
Boston Bruins 11 9 16 1 2 37
Philadelphia Flyers 15 12 11 1 2 39

1st period

1. Philadelphia Flyers , Anze Kopitar 21 (Darnell Nurse 28) at 8:09 (PP)
2. Philadelphia Flyers , Anze Kopitar 22 (Scott Laughton 19, Travis Sanheim 18) at 17:39

Penalties :
Darnell Nurse (PHI) for Holding (Minor) at 1:53, Charlie McAvoy (BOS) for Tripping (Minor) at 6:58

2nd period

3. Philadelphia Flyers , Brayden Schenn 14 (Travis Konecny 34) at 16:03

Penalties :
Trent Frederic (BOS) for Holding (Minor) at 4:00, Nicolas Deslauriers (PHI) for Roughing (Minor) at 6:48, Brad Marchand (BOS) for Slashing (Minor) at 11:39

3rd period

4. Boston Bruins , Ryan O'Reilly 16 (Brad Marchand 28, Jake Sanderson 26) at 16:23 (PP)
5. Boston Bruins , Troy Terry 19 (Ryan O'Reilly 15) at 18:21
6. Boston Bruins , Trent Frederic 7 (Jack Roslovic 26) at 18:58

Penalties :
Connor Clifton (BOS) for Holding (Minor) at 12:29, Rasmus Ristolainen (PHI) for Cross-checking (Minor) at 14:58, Brad Marchand (BOS) for Tripping (Minor) at 19:46

Overtime #1

No Goal

Penalties :
No Penalty

Shootout

Boston Bruins, David Pastrnak - Goal!
Philadelphia Flyers, Travis Konecny - Shot Misses the Net
Boston Bruins, Victor Olofsson - Goal!
Philadelphia Flyers, Claude Giroux - Shot Misses the Net

Penalties :
No Penalty

Goalie Stats

Alexandar Georgiev (BOS), 26 saves from 28 shots - (0.929), W, 15-15-2, 52:05 minutes
Jeremy Swayman (BOS), 10 saves from 11 shots - (0.909), 12:40 minutes
Ilya Sorokin (PHI), 34 saves from 37 shots - (0.919), OTL, 13-13-5, 65:00 minutes

Players Stats for Boston Bruins

Player Name              G  A  P  +/- PIM S  H  SB GA TA FO     MP     PP MP  PK MP  
------------------------------------------------------------------------------------
Brad Marchand            0  1  1   1  4   8  0  1  0  0  0/0    19:58   2:40   2:36 
Brandon Carlo            0  0  0   0  0   0  0  2  0  0  0/0    21:30   0:00   4:04 
Casey Cizikas            0  0  0  -1  0   2  0  0  0  0  11/21  14:15   0:00   3:41 
Charlie McAvoy           0  0  0   0  2   3  1  1  0  0  0/0    24:23   2:21   4:23 
Connor Clifton           0  0  0   0  2   0  3  2  0  0  0/0    15:30   0:00   0:00 
David Pastrnak           0  0  0  -1  0   1  0  0  0  0  0/1    17:16   2:43   0:00 
Ivan Barbashev           0  0  0  -1  0   1  1  0  0  0  0/0    13:55   0:00   0:27 
Jack Roslovic            0  1  1   1  0   2  0  0  0  0  11/24  11:33   0:00   0:00 
Jake Sanderson           0  1  1   0  0   1  5  1  0  0  0/0    24:19   3:02   4:33 
Matt Grzelcyk            0  0  0   0  0   1  1  1  0  0  0/0    18:59   2:21   1:25 
Nick Leddy               0  0  0   0  0   2  1  0  0  0  0/0    21:12   3:02   3:49 
Patrice Bergeron         0  0  0  -1  0   1  1  0  0  0  6/18   17:25   2:43   1:03 
Ryan Donato              0  0  0  -1  0   3  0  0  0  0  1/1    10:34   0:00   0:00 
Ryan O'Reilly            1  1  2   1  0   4  0  0  0  0  9/18   19:12   2:40   3:30 
Sean Kuraly              0  0  0  -1  0   1  0  1  0  0  5/11   14:47   0:00   4:13 
Trent Frederic           1  0  1   1  2   1  1  0  0  0  1/1    11:59   0:00   0:34 
Troy Terry               1  0  1   1  0   3  0  0  0  0  3/3    17:01   2:40   0:10 
Victor Olofsson          0  0  0   1  0   3  0  1  0  0  0/0    13:46   2:43   0:14 

Players Stats for Philadelphia Flyers

Player Name              G  A  P  +/- PIM S  H  SB GA TA FO     MP     PP MP  PK MP  
------------------------------------------------------------------------------------
Adam Lowry               0  0  0  -1  0   0  1  1  0  0  9/21   15:09   0:00   2:23 
Anze Kopitar             2  0  2   0  0   7  0  0  0  0  21/30  17:29   2:56   0:03 
Boris Katchouk           0  0  0   0  0   1  1  0  0  0  0/2    12:49   0:00   0:00 
Brayden Schenn           1  0  1   1  0   6  1  0  0  0  1/1    17:18   4:25   0:00 
Brett Kulak              0  0  0   1  0   0  3  2  0  0  0/0    18:45   0:47   3:25 
Cam York                 0  0  0  -1  0   1  0  0  0  0  0/0    20:11   3:19   0:09 
Claude Giroux            0  0  0   1  0   2  3  0  0  0  13/26  19:59   4:37   0:07 
Darnell Nurse            0  1  1  -1  2   2  4  1  0  0  0/0    24:44   3:49   1:53 
Hudson Fasching          0  0  0  -1  0   2  0  1  0  0  0/2    13:51   0:00   0:00 
Jeff Carter              0  0  0   0  0   2  0  0  0  0  3/9    12:15   0:00   2:53 
Miles Wood               0  0  0  -1  0   0  2  0  0  0  1/1    13:27   0:00   0:00 
Morgan Frost             0  0  0   0  0   2  0  0  0  0  2/3    13:25   2:42   0:00 
Nick Jensen              0  0  0   0  0   3  2  1  0  0  0/0    22:32   2:45   1:34 
Nicolas Deslauriers      0  0  0   0  2   0  4  0  0  0  0/0     8:47   0:00   0:00 
Rasmus Ristolainen       0  0  0   0  2   0  0  0  0  0  0/0    16:57   0:00   1:08 
Scott Laughton           0  1  1   0  0   5  1  1  0  0  1/3    20:10   2:56   2:53 
Travis Konecny           0  1  1   1  0   4  3  0  0  0  0/0    20:56   4:27   2:30 
Travis Sanheim           0  1  1   1  0   2  0  2  0  0  0/0    22:36   4:02   2:34 

3 Stars

1 - Anze Kopitar (PHI)
2 - Ryan O'Reilly (BOS)
3 - Troy Terry (BOS)

Power Play

Boston Bruins - 1 on 3 Attempt(s) - 33.33%
Philadelphia Flyers - 1 on 5 Attempt(s) - 20.00%

Penalty Kill

Boston Bruins - 4 on 5 Attempt(s) - 80.00% - Score 0 goal in Penalty Kill
Philadelphia Flyers - 2 on 3 Attempt(s) - 66.67% - Score 0 goal in Penalty Kill

Team Stat

Boston Bruins - Hits : 14 - Faceoff Wins : 47 - Blocked Shots : 10 - Penalty Minutes : 10
Philadelphia Flyers - Hits : 25 - Faceoff Wins : 51 - Blocked Shots : 9 - Penalty Minutes : 6

Official

Referees : Francis Charron and Brian Pochmara
Linesman : Julien Fournier and Jonathan Deschamps

Game Notes

Jeremy Swayman is injured at 12:40 of 1st period (Sprained Right Ankle)
Alexandar Georgiev enters game at 12:40 of 1st period

Finance

Level 1 -- Attendance: 9992 (97.01%) -- Ticket Income $ 879 296
Level 2 -- Attendance: 2018 (96.10%) -- Ticket Income $ 147 314
Level 3 -- Attendance: 3336 (92.67%) -- Ticket Income $ 146 784
Level 4 -- Attendance: 1365 (94.14%) -- Ticket Income $ 39 585
Luxury Box -- Attendance: 50 (100.00%) -- Ticket Income $ 10 800
Game was played at the Wells Fargo Center.
Total Attendance: 16761 (95.78%)
Total Ticket Income: $ 1 223 779
Total Income: $ 1 223 779

Boston Bruins

5 vs 5 Forward 
   Center                   Left Wing                Right Wing               Time % Phy DF OF 
 1 Patrice Bergeron         Ivan Barbashev           David Pastrnak           28     0   2  3  
 2 Ryan O'Reilly            Brad Marchand            Troy Terry               27     0   2  3  
 3 Jack Roslovic            Victor Olofsson          Trent Frederic           24     0   3  2  
 4 Casey Cizikas            Sean Kuraly              Ryan Donato              21     1   2  2  

5 vs 5 Defense 
   Defense                  Defense                                           Time % Phy DF OF 
 1 Charlie McAvoy           Matt Grzelcyk                                     33     0   3  2  
 2 Jake Sanderson           Nick Leddy                                        33     0   2  3  
 3 Brandon Carlo            Connor Clifton                                    33     0   4  1  
 4 Charlie McAvoy           Brandon Carlo                                     1      0   3  2  

PowerPlay Forward 
   Center                   Left Wing                Right Wing               Time % Phy DF OF 
 1 Ryan O'Reilly            Brad Marchand            Troy Terry               50     0   0  5  
 2 Patrice Bergeron         Victor Olofsson          David Pastrnak           50     0   0  5  

PowerPlay Defense
   Defense                  Defense                                           Time % Phy DF OF 
 1 Charlie McAvoy           Matt Grzelcyk                                     50     0   1  4  
 2 Nick Leddy               Jake Sanderson                                    50     0   1  4  

Penalty Kill 4 Players Forward 
   Center                   Wing                     Time % Phy DF OF 
 1 Sean Kuraly              Ryan O'Reilly            50     1   4  0  
 2 Casey Cizikas            Brad Marchand            50     1   4  0  

Penalty Kill 4 Players Defense
   Defense                  Defense                  Time % Phy DF OF 
 1 Charlie McAvoy           Brandon Carlo            50     0   5  0  
 2 Jake Sanderson           Nick Leddy               50     0   5  0  

Penalty Kill - 3 Players Forward 
   Forward                                           Time % Phy DF OF 
 1 Patrice Bergeron                                  50     1   4  0  
 2 Sean Kuraly                                       50     1   4  0  

Penalty Kill - 3 Players Defense
   Defense                  Defense                  Time % Phy DF OF 
 1 Charlie McAvoy           Brandon Carlo            50     0   5  0  
 2 Jake Sanderson           Nick Leddy               50     0   5  0  

4 vs 4 Forward 
   Center                   Wing                     Time % Phy DF OF 
 1 Patrice Bergeron         David Pastrnak           50     0   2  3  
 2 Jack Roslovic            Troy Terry               50     0   2  3  

4 vs 4 Defense
   Defense                  Defense                  Time % Phy DF OF 
 1 Charlie McAvoy           Nick Leddy               50     0   3  2  
 2 Brandon Carlo            Jake Sanderson           50     0   3  2  

Last Minutes Offensive
   Center                   Left Wing                Right Wing               Defense                  Defense                  
   Patrice Bergeron         Brad Marchand            David Pastrnak           Charlie McAvoy           Jake Sanderson           

Last Minutes Defensive
   Center                   Left Wing                Right Wing               Defense                  Defense                  
   Patrice Bergeron         Sean Kuraly              Brad Marchand            Brandon Carlo            Charlie McAvoy           

Goaltenders
Starting : Jeremy Swayman           
Backup : Alexandar Georgiev       

Extra Forwards
Normal : David Pastrnak, Patrice Bergeron, Troy Terry - PP : David Pastrnak, Patrice Bergeron - PK : Brad Marchand
Extra Defensemen
Normal : Charlie McAvoy, Jake Sanderson, Nick Leddy - PP : Charlie McAvoy - PK : Brandon Carlo, Jake Sanderson
Penalty Shots
David Pastrnak, Victor Olofsson, Patrice Bergeron, Troy Terry, Brad Marchand
Custom OT Lines Forwards
Patrice Bergeron, David Pastrnak, Brad Marchand, Troy Terry, Ryan O'Reilly, Ivan Barbashev, Jack Roslovic, Ryan Donato, Sean Kuraly, Trent Frederic
Custom OT Lines Defensemen
Charlie McAvoy, Jake Sanderson, Brandon Carlo, Nick Leddy, Matt Grzelcyk

Scratches
Sebastian Aho 2 (Healthy), Jarred Tinordi (Healthy)

Philadelphia Flyers

5 vs 5 Forward 
   Center                   Left Wing                Right Wing               Time % Phy DF OF 
 1 Claude Giroux            Travis Konecny           Brayden Schenn           28     0   1  4  
 2 Anze Kopitar             Scott Laughton           Boris Katchouk           28     1   2  2  
 3 Adam Lowry               Miles Wood               Hudson Fasching          25     1   2  2  
 4 Jeff Carter              Nicolas Deslauriers      Morgan Frost             19     1   2  2  

5 vs 5 Defense 
   Defense                  Defense                                           Time % Phy DF OF 
 1 Cam York                 Darnell Nurse                                     33     1   2  2  
 2 Nick Jensen              Rasmus Ristolainen                                33     1   2  2  
 3 Travis Sanheim           Brett Kulak                                       32     0   3  2  
 4 Travis Sanheim           Darnell Nurse                                     2      1   2  2  

PowerPlay Forward 
   Center                   Left Wing                Right Wing               Time % Phy DF OF 
 1 Claude Giroux            Travis Konecny           Brayden Schenn           60     0   0  5  
 2 Anze Kopitar             Scott Laughton           Morgan Frost             40     0   0  5  

PowerPlay Defense
   Defense                  Defense                                           Time % Phy DF OF 
 1 Travis Sanheim           Darnell Nurse                                     50     0   0  5  
 2 Nick Jensen              Cam York                                          50     0   0  5  

Penalty Kill 4 Players Forward 
   Center                   Wing                     Time % Phy DF OF 
 1 Adam Lowry               Travis Konecny           50     1   3  1  
 2 Scott Laughton           Jeff Carter              50     1   3  1  

Penalty Kill 4 Players Defense
   Defense                  Defense                  Time % Phy DF OF 
 1 Brett Kulak              Darnell Nurse            50     1   4  0  
 2 Nick Jensen              Rasmus Ristolainen       50     1   4  0  

Penalty Kill - 3 Players Forward 
   Forward                                           Time % Phy DF OF 
 1 Claude Giroux                                     50     1   3  1  
 2 Scott Laughton                                    50     1   3  1  

Penalty Kill - 3 Players Defense
   Defense                  Defense                  Time % Phy DF OF 
 1 Travis Sanheim           Brett Kulak              50     1   4  0  
 2 Nick Jensen              Rasmus Ristolainen       50     1   4  0  

4 vs 4 Forward 
   Center                   Wing                     Time % Phy DF OF 
 1 Claude Giroux            Miles Wood               50     1   2  2  
 2 Anze Kopitar             Hudson Fasching          50     1   2  2  

4 vs 4 Defense
   Defense                  Defense                  Time % Phy DF OF 
 1 Cam York                 Darnell Nurse            50     1   2  2  
 2 Travis Sanheim           Brett Kulak              50     1   2  2  

Last Minutes Offensive
   Center                   Left Wing                Right Wing               Defense                  Defense                  
   Claude Giroux            Travis Konecny           Anze Kopitar             Travis Sanheim           Darnell Nurse            

Last Minutes Defensive
   Center                   Left Wing                Right Wing               Defense                  Defense                  
   Scott Laughton           Adam Lowry               Travis Konecny           Nick Jensen              Darnell Nurse            

Goaltenders
Starting : Ilya Sorokin             
Backup : Jonathan Quick           

Extra Forwards
Normal : Claude Giroux, Travis Konecny, Anze Kopitar - PP : Travis Konecny, Morgan Frost - PK : Scott Laughton
Extra Defensemen
Normal : Darnell Nurse, Nick Jensen, Brett Kulak - PP : Darnell Nurse - PK : Travis Sanheim, Nick Jensen
Penalty Shots
Travis Konecny, Claude Giroux, Anze Kopitar, Brayden Schenn, Morgan Frost
Custom OT Lines Forwards
Anze Kopitar, Claude Giroux, Travis Konecny, Morgan Frost, Scott Laughton, Jeff Carter, Hudson Fasching, Brayden Schenn, Adam Lowry, Boris Katchouk
Custom OT Lines Defensemen
Darnell Nurse, Travis Sanheim, Nick Jensen, Brett Kulak, Cam York

Scratches
Josh Brown (Healthy), Mark Friedman (Healthy), Dan Vladar (Healthy)

% Time on Ice - Boston Bruins

Lines # - Real PCT - Wanted PCT - Time Play
Normal Forward
1 - 27% - 28% - 12:51
2 - 26% - 27% - 12:25
3 - 24% - 24% - 11:26
4 - 22% - 21% - 10:34
Normal Defense
1 - 31% - 33% - 14:53
2 - 32% - 33% - 15:00
3 - 33% - 33% - 15:30
4 - 4% - 1% - 1:53
PP Forward
1 - 50% - 50% - 2:40
2 - 50% - 50% - 2:43
PP Defense
1 - 44% - 50% - 2:21
2 - 56% - 50% - 3:02
PK Forward
1 - 48% - 50% - 3:30
2 - 52% - 50% - 3:51
PK Defense
1 - 59% - 50% - 4:20
2 - 41% - 50% - 3:01
PK3 Forward
1 - 59% - 50% - 1:03
2 - 41% - 50% - 0:43
PK3 Defense
1 - 55% - 50% - 0:58
2 - 45% - 50% - 0:48
44 Forward
1 - 0% - 50%
2 - 0% - 50%
44 Defense
1 - 0% - 50%
2 - 0% - 50%
Last Minute Offensive  - 0:00
Last Minute Defensive  - 0:00
Total
Forward - 61:46
Defense - 61:46

% Time on Ice - Philadelphia Flyers

Lines # - Real PCT - Wanted PCT - Time Play
Normal Forward
1 - 27% - 28% - 12:53
2 - 27% - 28% - 12:49
3 - 27% - 25% - 12:46
4 - 19% - 19% - 8:48
Normal Defense
1 - 34% - 33% - 15:53
2 - 34% - 33% - 15:52
3 - 27% - 32% - 12:50
4 - 6% - 2% - 2:41
PP Forward
1 - 60% - 60% - 4:25
2 - 40% - 40% - 2:56
PP Defense
1 - 55% - 50% - 4:02
2 - 45% - 50% - 3:19
PK Forward
1 - 46% - 50% - 2:30
2 - 54% - 50% - 2:53
PK Defense
1 - 71% - 50% - 3:49
2 - 29% - 50% - 1:34
PK3 Forward
1 - 0% - 50%
2 - 0% - 50%
PK3 Defense
1 - 0% - 50%
2 - 0% - 50%
44 Forward
1 - 39% - 50% - 0:41
2 - 61% - 50% - 1:05
44 Defense
1 - 39% - 50% - 0:41
2 - 61% - 50% - 1:05
Last Minute Offensive  - 0:00
Last Minute Defensive  - 0:00
Total
Forward - 61:46
Defense - 61:46

Play-by-Play

1st period


0:01 of 1st period - Claude Giroux wins face-off versus Patrice Bergeron in neutral zone.
0:01 of 1st period - Claude Giroux is hit by Patrice Bergeron.
0:22 of 1st period - Icing by Charlie McAvoy.
0:23 of 1st period - Anze Kopitar wins face-off versus Patrice Bergeron in Boston Bruins zone.
0:26 of 1st period - Shot by Scott Laughton.
0:26 of 1st period - Shot Misses the Net.
0:49 of 1st period - Scott Laughton is hit by Jake Sanderson and loses puck.
1:18 of 1st period - Shot by Brad Marchand.
1:18 of 1st period - Stopped by Ilya Sorokin with a rebound.
1:20 of 1st period - Shot by Nick Leddy.
1:20 of 1st period - Stopped by Ilya Sorokin without a rebound.
1:21 of 1st period - Jack Roslovic wins face-off versus Hudson Fasching in Philadelphia Flyers zone.
1:27 of 1st period - Travis Sanheim is hit by Trent Frederic and loses puck.
1:36 of 1st period - Shot by Victor Olofsson.
1:36 of 1st period - Stopped by Ilya Sorokin without a rebound.
1:37 of 1st period - Jeff Carter wins face-off versus Casey Cizikas in Philadelphia Flyers zone.
1:41 of 1st period - Brandon Carlo is hit by Nicolas Deslauriers and loses puck.
1:45 of 1st period - Sean Kuraly is hit by Darnell Nurse and loses puck.
1:52 of 1st period - Shot by Sean Kuraly.
1:52 of 1st period - Shot Misses the Net.
1:53 of 1st period - Minor Penalty to Darnell Nurse for Holding.
1:54 of 1st period - Adam Lowry wins face-off versus Patrice Bergeron in Philadelphia Flyers zone.
2:25 of 1st period - Shot by David Pastrnak.
2:25 of 1st period - Shot Misses the Net.
2:27 of 1st period - Shot by Jake Sanderson.
2:27 of 1st period - Shot Blocked by Brett Kulak.
2:45 of 1st period - Shot by Charlie McAvoy.
2:45 of 1st period - Stopped by Ilya Sorokin with a rebound.
2:47 of 1st period - Shot by Charlie McAvoy.
2:47 of 1st period - Stopped by Ilya Sorokin with a rebound.
3:29 of 1st period - Shot by Patrice Bergeron.
3:29 of 1st period - Shot Misses the Net.
4:37 of 1st period - Jack Roslovic is hit by Darnell Nurse and loses puck.
5:25 of 1st period - Shot by Adam Lowry.
5:25 of 1st period - Deflect By Hudson Fasching.
5:25 of 1st period - Stopped by Jeremy Swayman without a rebound.
5:26 of 1st period - Casey Cizikas wins face-off versus Anze Kopitar in Boston Bruins zone.
5:26 of 1st period - Casey Cizikas is hit by Scott Laughton.
5:29 of 1st period - Jake Sanderson is hit by Boris Katchouk and loses puck.
5:48 of 1st period - Shot by Scott Laughton.
5:48 of 1st period - Stopped by Jeremy Swayman without a rebound.
5:49 of 1st period - Ryan O'Reilly wins face-off versus Jeff Carter in Boston Bruins zone.
6:16 of 1st period - Shot by Troy Terry.
6:16 of 1st period - Shot Misses the Net.
6:18 of 1st period - Shot by Brad Marchand.
6:18 of 1st period - Stopped by Ilya Sorokin without a rebound.
6:19 of 1st period - Jack Roslovic wins face-off versus Adam Lowry in Philadelphia Flyers zone.
6:48 of 1st period - Shot by Hudson Fasching.
6:48 of 1st period - Stopped by Jeremy Swayman without a rebound.
6:49 of 1st period - Anze Kopitar wins face-off versus Patrice Bergeron in Boston Bruins zone.
6:54 of 1st period - Shot by Anze Kopitar.
6:54 of 1st period - Stopped by Jeremy Swayman with a rebound.
6:56 of 1st period - Shot by Anze Kopitar.
6:56 of 1st period - Stopped by Jeremy Swayman without a rebound.
6:57 of 1st period - Claude Giroux wins face-off versus Casey Cizikas in Boston Bruins zone.
6:57 of 1st period - Claude Giroux is hit by Charlie McAvoy.
6:58 of 1st period - Minor Penalty to Charlie McAvoy for Tripping.
6:59 of 1st period - Claude Giroux wins face-off versus Sean Kuraly in Boston Bruins zone.
7:02 of 1st period - Shot by Brayden Schenn.
7:02 of 1st period - Shot Misses the Net.
7:04 of 1st period - Shot by Travis Konecny.
7:04 of 1st period - Stopped by Jeremy Swayman without a rebound.
7:05 of 1st period - Claude Giroux wins face-off versus Casey Cizikas in Boston Bruins zone.
7:49 of 1st period - Shot by Brad Marchand.
7:49 of 1st period - Stopped by Ilya Sorokin without a rebound.
7:50 of 1st period - Sean Kuraly wins face-off versus Anze Kopitar in Philadelphia Flyers zone.
7:51 of 1st period - Shot by Ryan O'Reilly.
7:51 of 1st period - Shot Blocked by Travis Sanheim.
8:01 of 1st period - Shot by Anze Kopitar.
8:01 of 1st period - Shot Blocked by Jake Sanderson.
8:03 of 1st period - Shot by Darnell Nurse.
8:03 of 1st period - Shot Misses the Net.
8:05 of 1st period - Shot by Scott Laughton.
8:05 of 1st period - Stopped by Jeremy Swayman without a rebound.
8:06 of 1st period - Anze Kopitar wins face-off versus Casey Cizikas in Boston Bruins zone.
8:07 of 1st period - Shot by Darnell Nurse.
8:07 of 1st period - Stopped by Jeremy Swayman with a rebound.
8:09 of 1st period - Shot by Anze Kopitar.
8:09 of 1st period - Goal by Anze Kopitar - Boston Bruins : 0 - Philadelphia Flyers : 1.
8:10 of 1st period - Adam Lowry wins face-off versus Patrice Bergeron in neutral zone.
8:53 of 1st period - Shot by Travis Konecny.
8:53 of 1st period - Shot Misses the Net.
9:14 of 1st period - Icing by Brad Marchand.
9:15 of 1st period - Anze Kopitar wins face-off versus Ryan O'Reilly in Boston Bruins zone.
9:59 of 1st period - Off-side.
10:00 of 1st period - Jeff Carter wins face-off versus Casey Cizikas in neutral zone.
10:26 of 1st period - Shot by Morgan Frost.
10:26 of 1st period - Stopped by Jeremy Swayman without a rebound.
10:27 of 1st period - Jack Roslovic wins face-off versus Claude Giroux in Boston Bruins zone.
10:49 of 1st period - Victor Olofsson is hit by Brett Kulak and loses puck.
11:14 of 1st period - Shot by Brad Marchand.
11:14 of 1st period - Stopped by Ilya Sorokin without a rebound.
11:15 of 1st period - Adam Lowry wins face-off versus Ryan O'Reilly in Philadelphia Flyers zone.
11:42 of 1st period - Icing by Nick Leddy.
11:43 of 1st period - Anze Kopitar wins face-off versus Ryan O'Reilly in Boston Bruins zone.
11:43 of 1st period - Anze Kopitar is hit by Jake Sanderson.
12:38 of 1st period - Shot by Jeff Carter.
12:38 of 1st period - Shot Misses the Net.
12:40 of 1st period - Shot by Morgan Frost.
12:40 of 1st period - Stopped by Jeremy Swayman without a rebound.
12:40 of 1st period - Jeremy Swayman from Boston Bruins is injured at 12:40 of 1st period (Sprained Right Ankle).
12:40 of 1st period - Alexandar Georgiev enters game.
12:41 of 1st period - Casey Cizikas wins face-off versus Claude Giroux in Boston Bruins zone.
12:41 of 1st period - Casey Cizikas is hit by Travis Konecny.
12:49 of 1st period - Shot by Brayden Schenn.
12:49 of 1st period - Deflect By Travis Konecny.
12:49 of 1st period - Shot Blocked by Sean Kuraly.
12:53 of 1st period - Shot by Travis Konecny.
12:53 of 1st period - Deflect By Claude Giroux.
12:53 of 1st period - Shot Misses the Net.
12:55 of 1st period - Shot by Darnell Nurse.
12:55 of 1st period - Shot Blocked by Matt Grzelcyk.
12:57 of 1st period - Shot by Cam York.
12:57 of 1st period - Stopped by Alexandar Georgiev without a rebound.
12:58 of 1st period - Adam Lowry wins face-off versus Jack Roslovic in Boston Bruins zone.
13:06 of 1st period - Off-side.
13:07 of 1st period - Ryan O'Reilly wins face-off versus Jeff Carter in neutral zone.
13:14 of 1st period - Shot by Troy Terry.
13:14 of 1st period - Stopped by Ilya Sorokin with a rebound.
13:16 of 1st period - Shot by Jake Sanderson.
13:16 of 1st period - Stopped by Ilya Sorokin with a rebound.
13:20 of 1st period - Shot by Brad Marchand.
13:20 of 1st period - Stopped by Ilya Sorokin without a rebound.
13:21 of 1st period - Anze Kopitar wins face-off versus Patrice Bergeron in Philadelphia Flyers zone.
13:42 of 1st period - Shot by Anze Kopitar.
13:42 of 1st period - Deflect By Scott Laughton.
13:42 of 1st period - Shot Misses the Net.
14:29 of 1st period - Off-side.
14:30 of 1st period - Casey Cizikas wins face-off versus Claude Giroux in neutral zone.
15:12 of 1st period - Off-side.
15:13 of 1st period - Ryan O'Reilly wins face-off versus Jeff Carter in neutral zone.
15:39 of 1st period - Shot by Brad Marchand.
15:39 of 1st period - Shot Misses the Net.
15:54 of 1st period - Icing by Matt Grzelcyk.
15:55 of 1st period - Adam Lowry wins face-off versus Ryan O'Reilly in Boston Bruins zone.
16:37 of 1st period - Icing by Jack Roslovic.
16:38 of 1st period - Anze Kopitar wins face-off versus Jack Roslovic in Boston Bruins zone.
16:45 of 1st period - Shot by Anze Kopitar.
16:45 of 1st period - Deflect By Scott Laughton.
16:45 of 1st period - Stopped by Alexandar Georgiev without a rebound.
16:46 of 1st period - Claude Giroux wins face-off versus David Pastrnak in Boston Bruins zone.
16:48 of 1st period - Travis Konecny is hit by Nick Leddy and loses puck.
16:59 of 1st period - Icing by Claude Giroux.
17:00 of 1st period - Claude Giroux wins face-off versus Jack Roslovic in Philadelphia Flyers zone.
17:19 of 1st period - Shot by Travis Konecny.
17:19 of 1st period - Shot Blocked by Connor Clifton.
17:21 of 1st period - Shot by Claude Giroux.
17:21 of 1st period - Shot Misses the Net.
17:23 of 1st period - Shot by Brayden Schenn.
17:23 of 1st period - Stopped by Alexandar Georgiev without a rebound.
17:24 of 1st period - Anze Kopitar wins face-off versus Patrice Bergeron in Boston Bruins zone.
17:39 of 1st period - Shot by Anze Kopitar.
17:39 of 1st period - Goal by Anze Kopitar - Boston Bruins : 0 - Philadelphia Flyers : 2.
17:40 of 1st period - Jeff Carter wins face-off versus Casey Cizikas in neutral zone.
18:29 of 1st period - Icing by Travis Sanheim.
18:30 of 1st period - Anze Kopitar wins face-off versus Patrice Bergeron in Philadelphia Flyers zone.
19:07 of 1st period - Shot by Travis Konecny.
19:07 of 1st period - Shot Misses the Net.
19:54 of 1st period - Icing by Darnell Nurse.
19:55 of 1st period - Jack Roslovic wins face-off versus Adam Lowry in Philadelphia Flyers zone.
19:55 of 1st period - Jake Sanderson is hit by Darnell Nurse and loses puck.
Goals for this period are 0 for Boston Bruins vs 2 for Philadelphia Flyers.
Shots for this period are 11 for Boston Bruins vs 15 for Philadelphia Flyers.

2nd period


0:01 of 2nd period - Ryan O'Reilly wins face-off versus Adam Lowry in neutral zone.
0:29 of 2nd period - Shot by Hudson Fasching.
0:29 of 2nd period - Shot Misses the Net.
0:55 of 2nd period - Shot by Scott Laughton.
0:55 of 2nd period - Deflect By Anze Kopitar.
0:55 of 2nd period - Stopped by Alexandar Georgiev without a rebound.
0:56 of 2nd period - Claude Giroux wins face-off versus Casey Cizikas in Boston Bruins zone.
1:55 of 2nd period - Off-side.
1:56 of 2nd period - Trent Frederic wins face-off versus Boris Katchouk in neutral zone.
2:19 of 2nd period - Shot by Boris Katchouk.
2:19 of 2nd period - Stopped by Alexandar Georgiev without a rebound.
2:20 of 2nd period - Ryan O'Reilly wins face-off versus Adam Lowry in Boston Bruins zone.
3:07 of 2nd period - Jake Sanderson is hit by Miles Wood and loses puck.
3:24 of 2nd period - Off-side.
3:25 of 2nd period - Jack Roslovic wins face-off versus Scott Laughton in neutral zone.
3:35 of 2nd period - Shot by Scott Laughton.
3:35 of 2nd period - Stopped by Alexandar Georgiev without a rebound.
3:36 of 2nd period - Jack Roslovic wins face-off versus Jeff Carter in Boston Bruins zone.
3:36 of 2nd period - Jake Sanderson is hit by Nicolas Deslauriers and loses puck.
3:51 of 2nd period - Trent Frederic is hit by Nicolas Deslauriers.
4:00 of 2nd period - Minor Penalty to Trent Frederic for Holding.
4:01 of 2nd period - Casey Cizikas wins face-off versus Claude Giroux in Boston Bruins zone.
4:01 of 2nd period - Casey Cizikas is hit by Travis Konecny.
4:11 of 2nd period - Charlie McAvoy is hit by Claude Giroux and loses puck.
4:30 of 2nd period - Shot by Brad Marchand.
4:30 of 2nd period - Stopped by Ilya Sorokin without a rebound.
4:31 of 2nd period - Anze Kopitar wins face-off versus Sean Kuraly in Philadelphia Flyers zone.
4:44 of 2nd period - Shot by Anze Kopitar.
4:44 of 2nd period - Deflect By Scott Laughton.
4:44 of 2nd period - Stopped by Alexandar Georgiev with a rebound.
5:20 of 2nd period - Shot by Travis Konecny.
5:20 of 2nd period - Stopped by Alexandar Georgiev without a rebound.
5:21 of 2nd period - Casey Cizikas wins face-off versus Claude Giroux in Boston Bruins zone.
5:40 of 2nd period - Shot by Brayden Schenn.
5:40 of 2nd period - Stopped by Alexandar Georgiev with a rebound.
6:08 of 2nd period - Shot by David Pastrnak.
6:08 of 2nd period - Deflect By Patrice Bergeron.
6:08 of 2nd period - Shot Blocked by Adam Lowry.
6:10 of 2nd period - Shot by David Pastrnak.
6:10 of 2nd period - Shot Misses the Net.
6:12 of 2nd period - Shot by Patrice Bergeron.
6:12 of 2nd period - Shot Misses the Net.
6:14 of 2nd period - Shot by Ivan Barbashev.
6:14 of 2nd period - Stopped by Ilya Sorokin without a rebound.
6:15 of 2nd period - Anze Kopitar wins face-off versus Jack Roslovic in Philadelphia Flyers zone.
6:36 of 2nd period - Anze Kopitar is hit by Connor Clifton and loses puck.
6:43 of 2nd period - Shot by Scott Laughton.
6:43 of 2nd period - Shot Misses the Net.
6:48 of 2nd period - Minor Penalty to Nicolas Deslauriers for Roughing.
6:49 of 2nd period - Ryan O'Reilly wins face-off versus Adam Lowry in Philadelphia Flyers zone.
7:03 of 2nd period - Shot by Charlie McAvoy.
7:03 of 2nd period - Shot Misses the Net.
7:05 of 2nd period - Shot by Charlie McAvoy.
7:05 of 2nd period - Shot Blocked by Brett Kulak.
7:15 of 2nd period - Shot by Matt Grzelcyk.
7:15 of 2nd period - Stopped by Ilya Sorokin without a rebound.
7:16 of 2nd period - Scott Laughton wins face-off versus Patrice Bergeron in Philadelphia Flyers zone.
7:29 of 2nd period - Shot by Patrice Bergeron.
7:29 of 2nd period - Shot Blocked by Travis Sanheim.
7:31 of 2nd period - Shot by Nick Leddy.
7:31 of 2nd period - Shot Misses the Net.
7:33 of 2nd period - Shot by Nick Leddy.
7:33 of 2nd period - Shot Misses the Net.
7:35 of 2nd period - Shot by Patrice Bergeron.
7:35 of 2nd period - Stopped by Ilya Sorokin without a rebound.
7:36 of 2nd period - Troy Terry wins face-off versus Adam Lowry in Philadelphia Flyers zone.
7:53 of 2nd period - Shot by Charlie McAvoy.
7:53 of 2nd period - Shot Misses the Net.
8:50 of 2nd period - Icing by Connor Clifton.
8:51 of 2nd period - Casey Cizikas wins face-off versus Claude Giroux in Boston Bruins zone.
9:10 of 2nd period - Shot by Brayden Schenn.
9:10 of 2nd period - Shot Blocked by Brandon Carlo.
9:12 of 2nd period - Shot by Claude Giroux.
9:12 of 2nd period - Stopped by Alexandar Georgiev without a rebound.
9:13 of 2nd period - Ryan O'Reilly wins face-off versus Anze Kopitar in Boston Bruins zone.
9:37 of 2nd period - Icing by Matt Grzelcyk.
9:38 of 2nd period - Adam Lowry wins face-off versus Ryan O'Reilly in Boston Bruins zone.
9:42 of 2nd period - Miles Wood is hit by Matt Grzelcyk and loses puck.
9:57 of 2nd period - Patrice Bergeron is hit by Adam Lowry and loses puck.
10:44 of 2nd period - Patrice Bergeron is hit by Nicolas Deslauriers and loses puck.
11:07 of 2nd period - Nick Leddy is hit by Brayden Schenn and loses puck.
11:39 of 2nd period - Minor Penalty to Brad Marchand for Slashing.
11:40 of 2nd period - Anze Kopitar wins face-off versus Sean Kuraly in Boston Bruins zone.
12:30 of 2nd period - Charlie McAvoy is hit by Claude Giroux and loses puck.
13:00 of 2nd period - Shot by Sean Kuraly.
13:00 of 2nd period - Shot Misses the Net.
13:02 of 2nd period - Shot by Ryan O'Reilly.
13:02 of 2nd period - Stopped by Ilya Sorokin without a rebound.
13:03 of 2nd period - Sean Kuraly wins face-off versus Anze Kopitar in Philadelphia Flyers zone.
13:04 of 2nd period - Shot by Ryan O'Reilly.
13:04 of 2nd period - Stopped by Ilya Sorokin without a rebound.
13:05 of 2nd period - Sean Kuraly wins face-off versus Anze Kopitar in Philadelphia Flyers zone.
13:24 of 2nd period - Shot by Anze Kopitar.
13:24 of 2nd period - Stopped by Alexandar Georgiev without a rebound.
13:25 of 2nd period - Anze Kopitar wins face-off versus Casey Cizikas in Boston Bruins zone.
13:26 of 2nd period - Shot by Travis Konecny.
13:26 of 2nd period - Stopped by Alexandar Georgiev without a rebound.
13:27 of 2nd period - Casey Cizikas wins face-off versus Anze Kopitar in Boston Bruins zone.
13:50 of 2nd period - Shot by Hudson Fasching.
13:50 of 2nd period - Shot Misses the Net.
14:29 of 2nd period - Shot by Patrice Bergeron.
14:29 of 2nd period - Shot Blocked by Hudson Fasching.
14:31 of 2nd period - Shot by David Pastrnak.
14:31 of 2nd period - Stopped by Ilya Sorokin without a rebound.
14:32 of 2nd period - Anze Kopitar wins face-off versus Jack Roslovic in Philadelphia Flyers zone.
15:39 of 2nd period - Shot by Jeff Carter.
15:39 of 2nd period - Stopped by Alexandar Georgiev with a rebound.
16:03 of 2nd period - Shot by Brayden Schenn.
16:03 of 2nd period - Goal by Brayden Schenn - Boston Bruins : 0 - Philadelphia Flyers : 3.
16:04 of 2nd period - Claude Giroux wins face-off versus Ryan O'Reilly in neutral zone.
16:32 of 2nd period - Icing by Connor Clifton.
16:33 of 2nd period - Ryan O'Reilly wins face-off versus Adam Lowry in Boston Bruins zone.
17:00 of 2nd period - Shot by Adam Lowry.
17:00 of 2nd period - Deflect By Hudson Fasching.
17:00 of 2nd period - Shot Misses the Net.
17:02 of 2nd period - Shot by Adam Lowry.
17:02 of 2nd period - Shot Blocked by Brad Marchand.
17:55 of 2nd period - Shot by Brayden Schenn.
17:55 of 2nd period - Stopped by Alexandar Georgiev with a rebound.
18:43 of 2nd period - Shot by Sean Kuraly.
18:43 of 2nd period - Shot Misses the Net.
18:45 of 2nd period - Shot by Casey Cizikas.
18:45 of 2nd period - Stopped by Ilya Sorokin without a rebound.
18:46 of 2nd period - Miles Wood wins face-off versus Jack Roslovic in Philadelphia Flyers zone.
18:50 of 2nd period - Icing by Adam Lowry.
18:51 of 2nd period - Adam Lowry wins face-off versus Jack Roslovic in Philadelphia Flyers zone.
19:09 of 2nd period - Charlie McAvoy is hit by Nick Jensen and loses puck.
19:17 of 2nd period - Shot by Victor Olofsson.
19:17 of 2nd period - Shot Misses the Net.
19:19 of 2nd period - Shot by Victor Olofsson.
19:19 of 2nd period - Deflect By Trent Frederic.
19:19 of 2nd period - Shot Misses the Net.
19:45 of 2nd period - Shot by Sean Kuraly.
19:45 of 2nd period - Shot Misses the Net.
19:47 of 2nd period - Shot by Ryan Donato.
19:47 of 2nd period - Stopped by Ilya Sorokin with a rebound.
Goals for this period are 0 for Boston Bruins vs 1 for Philadelphia Flyers.
Shots for this period are 9 for Boston Bruins vs 12 for Philadelphia Flyers.

3rd period


0:01 of 3rd period - Anze Kopitar wins face-off versus Ryan O'Reilly in neutral zone.
0:57 of 3rd period - Icing by Travis Sanheim.
0:58 of 3rd period - Anze Kopitar wins face-off versus Jack Roslovic in Philadelphia Flyers zone.
1:10 of 3rd period - Icing by Jack Roslovic.
1:11 of 3rd period - Brayden Schenn wins face-off versus Jack Roslovic in Boston Bruins zone.
1:11 of 3rd period - Brayden Schenn is hit by Connor Clifton.
1:20 of 3rd period - Brayden Schenn is hit by Connor Clifton.
1:34 of 3rd period - Shot by Victor Olofsson.
1:34 of 3rd period - Stopped by Ilya Sorokin with a rebound.
1:39 of 3rd period - Icing by Travis Konecny.
1:40 of 3rd period - Claude Giroux wins face-off versus Ryan O'Reilly in Philadelphia Flyers zone.
2:13 of 3rd period - Shot by Jeff Carter.
2:13 of 3rd period - Shot Misses the Net.
2:15 of 3rd period - Shot by Nick Jensen.
2:15 of 3rd period - Stopped by Alexandar Georgiev without a rebound.
2:16 of 3rd period - Patrice Bergeron wins face-off versus Adam Lowry in Boston Bruins zone.
2:16 of 3rd period - Patrice Bergeron is hit by Miles Wood.
2:27 of 3rd period - Nick Jensen is hit by Ivan Barbashev and loses puck.
3:17 of 3rd period - Sean Kuraly is hit by Brett Kulak.
4:14 of 3rd period - Icing by Connor Clifton.
4:15 of 3rd period - Ryan Donato wins face-off versus Claude Giroux in Boston Bruins zone.
5:08 of 3rd period - Nick Leddy is hit by Travis Konecny.
5:19 of 3rd period - Icing by Brad Marchand.
5:20 of 3rd period - Morgan Frost wins face-off versus Ryan O'Reilly in Boston Bruins zone.
5:20 of 3rd period - Nick Jensen is hit by Jake Sanderson.
5:50 of 3rd period - Shot by Jack Roslovic.
5:50 of 3rd period - Stopped by Ilya Sorokin without a rebound.
5:51 of 3rd period - Anze Kopitar wins face-off versus Patrice Bergeron in Philadelphia Flyers zone.
6:46 of 3rd period - Shot by Miles Wood.
6:46 of 3rd period - Deflect By Hudson Fasching.
6:46 of 3rd period - Shot Misses the Net.
6:57 of 3rd period - Trent Frederic is hit by Nick Jensen and loses puck.
7:29 of 3rd period - Casey Cizikas is hit by Claude Giroux.
7:55 of 3rd period - Shot by Travis Konecny.
7:55 of 3rd period - Shot Misses the Net.
7:57 of 3rd period - Shot by Travis Sanheim.
7:57 of 3rd period - Stopped by Alexandar Georgiev with a rebound.
8:13 of 3rd period - Shot by Travis Konecny.
8:13 of 3rd period - Shot Misses the Net.
8:15 of 3rd period - Shot by Brayden Schenn.
8:15 of 3rd period - Stopped by Alexandar Georgiev without a rebound.
8:16 of 3rd period - Patrice Bergeron wins face-off versus Boris Katchouk in Boston Bruins zone.
9:22 of 3rd period - Shot by Victor Olofsson.
9:22 of 3rd period - Shot Misses the Net.
9:24 of 3rd period - Shot by Jack Roslovic.
9:24 of 3rd period - Stopped by Ilya Sorokin without a rebound.
9:25 of 3rd period - Casey Cizikas wins face-off versus Jeff Carter in Philadelphia Flyers zone.
9:28 of 3rd period - Shot by Sean Kuraly.
9:28 of 3rd period - Stopped by Ilya Sorokin with a rebound.
9:30 of 3rd period - Shot by Charlie McAvoy.
9:30 of 3rd period - Stopped by Ilya Sorokin with a rebound.
9:36 of 3rd period - Shot by Sean Kuraly.
9:36 of 3rd period - Deflect By Casey Cizikas.
9:36 of 3rd period - Stopped by Ilya Sorokin without a rebound.
9:37 of 3rd period - Jack Roslovic wins face-off versus Claude Giroux in Philadelphia Flyers zone.
9:37 of 3rd period - Jack Roslovic is hit by Brett Kulak.
9:41 of 3rd period - Shot by Victor Olofsson.
9:41 of 3rd period - Stopped by Ilya Sorokin without a rebound.
9:42 of 3rd period - Jack Roslovic wins face-off versus Morgan Frost in Philadelphia Flyers zone.
9:46 of 3rd period - Trent Frederic is hit by Darnell Nurse and loses puck.
10:02 of 3rd period - Icing by Charlie McAvoy.
10:03 of 3rd period - Claude Giroux wins face-off versus Jack Roslovic in Boston Bruins zone.
10:04 of 3rd period - Shot by Travis Konecny.
10:04 of 3rd period - Shot Blocked by Victor Olofsson.
10:06 of 3rd period - Shot by Travis Konecny.
10:06 of 3rd period - Deflect By Claude Giroux.
10:06 of 3rd period - Shot Misses the Net.
10:17 of 3rd period - Icing by Brandon Carlo.
10:18 of 3rd period - Anze Kopitar wins face-off versus Jack Roslovic in Boston Bruins zone.
10:27 of 3rd period - Shot by Anze Kopitar.
10:27 of 3rd period - Shot Blocked by Charlie McAvoy.
10:29 of 3rd period - Shot by Nick Jensen.
10:29 of 3rd period - Stopped by Alexandar Georgiev without a rebound.
10:30 of 3rd period - Patrice Bergeron wins face-off versus Claude Giroux in Boston Bruins zone.
10:45 of 3rd period - Shot by Travis Sanheim.
10:45 of 3rd period - Shot Misses the Net.
11:01 of 3rd period - Shot by David Pastrnak.
11:01 of 3rd period - Shot Misses the Net.
11:50 of 3rd period - Off-side.
11:51 of 3rd period - Adam Lowry wins face-off versus Sean Kuraly in neutral zone.
11:56 of 3rd period - Shot by Nick Jensen.
11:56 of 3rd period - Stopped by Alexandar Georgiev without a rebound.
11:57 of 3rd period - Jack Roslovic wins face-off versus Jeff Carter in Boston Bruins zone.
12:15 of 3rd period - Shot by Nick Leddy.
12:15 of 3rd period - Stopped by Ilya Sorokin without a rebound.
12:16 of 3rd period - Anze Kopitar wins face-off versus Patrice Bergeron in Philadelphia Flyers zone.
12:29 of 3rd period - Minor Penalty to Connor Clifton for Holding.
12:30 of 3rd period - Sean Kuraly wins face-off versus Claude Giroux in Boston Bruins zone.
12:49 of 3rd period - Shot by Brayden Schenn.
12:49 of 3rd period - Stopped by Alexandar Georgiev without a rebound.
12:50 of 3rd period - Anze Kopitar wins face-off versus Sean Kuraly in Boston Bruins zone.
12:53 of 3rd period - Shot by Darnell Nurse.
12:53 of 3rd period - Stopped by Alexandar Georgiev without a rebound.
12:54 of 3rd period - Sean Kuraly wins face-off versus Anze Kopitar in Boston Bruins zone.
13:16 of 3rd period - Morgan Frost is hit by Jake Sanderson and loses puck.
13:23 of 3rd period - Shot by Scott Laughton.
13:23 of 3rd period - Shot Misses the Net.
13:25 of 3rd period - Shot by Scott Laughton.
13:25 of 3rd period - Shot Misses the Net.
13:27 of 3rd period - Shot by Travis Sanheim.
13:27 of 3rd period - Stopped by Alexandar Georgiev without a rebound.
13:28 of 3rd period - Claude Giroux wins face-off versus Casey Cizikas in Boston Bruins zone.
13:55 of 3rd period - Shot by Travis Konecny.
13:55 of 3rd period - Stopped by Alexandar Georgiev without a rebound.
13:56 of 3rd period - Anze Kopitar wins face-off versus Sean Kuraly in Boston Bruins zone.
13:56 of 3rd period - Anze Kopitar is hit by Jake Sanderson.
14:02 of 3rd period - Shot by Anze Kopitar.
14:02 of 3rd period - Stopped by Alexandar Georgiev without a rebound.
14:03 of 3rd period - Claude Giroux wins face-off versus Casey Cizikas in Boston Bruins zone.
14:10 of 3rd period - Shot by Darnell Nurse.
14:10 of 3rd period - Shot Misses the Net.
14:58 of 3rd period - Minor Penalty to Rasmus Ristolainen for Cross-checking.
14:59 of 3rd period - Ryan O'Reilly wins face-off versus Adam Lowry in Philadelphia Flyers zone.
15:04 of 3rd period - Shot by Ryan O'Reilly.
15:04 of 3rd period - Stopped by Ilya Sorokin with a rebound.
15:18 of 3rd period - Shot by Brad Marchand.
15:18 of 3rd period - Shot Blocked by Darnell Nurse.
15:50 of 3rd period - Shot by Patrice Bergeron.
15:50 of 3rd period - Shot Misses the Net.
15:52 of 3rd period - Shot by David Pastrnak.
15:52 of 3rd period - Shot Misses the Net.
16:23 of 3rd period - Shot by Ryan O'Reilly.
16:23 of 3rd period - Goal by Ryan O'Reilly - Boston Bruins : 1 - Philadelphia Flyers : 3.
16:24 of 3rd period - Casey Cizikas wins face-off versus Claude Giroux in neutral zone.
16:29 of 3rd period - Shot by Sean Kuraly.
16:29 of 3rd period - Deflect By Ryan Donato.
16:29 of 3rd period - Stopped by Ilya Sorokin without a rebound.
16:30 of 3rd period - Casey Cizikas wins face-off versus Adam Lowry in Philadelphia Flyers zone.
16:31 of 3rd period - Shot by Ryan Donato.
16:31 of 3rd period - Stopped by Ilya Sorokin without a rebound.
16:32 of 3rd period - Casey Cizikas wins face-off versus Claude Giroux in Philadelphia Flyers zone.
17:42 of 3rd period - Shot by Adam Lowry.
17:42 of 3rd period - Shot Blocked by Connor Clifton.
17:44 of 3rd period - Shot by Rasmus Ristolainen.
17:44 of 3rd period - Shot Blocked by Brandon Carlo.
18:21 of 3rd period - Shot by Troy Terry.
18:21 of 3rd period - Goal by Troy Terry - Boston Bruins : 2 - Philadelphia Flyers : 3.
18:22 of 3rd period - Morgan Frost wins face-off versus Jack Roslovic in neutral zone.
18:37 of 3rd period - Shot by Jeff Carter.
18:37 of 3rd period - Stopped by Alexandar Georgiev without a rebound.
18:38 of 3rd period - Troy Terry wins face-off versus Anze Kopitar in Boston Bruins zone.
18:43 of 3rd period - Boston Bruins, Alexandar Georgiev is pulled from the net.
18:53 of 3rd period - Shot by Troy Terry.
18:53 of 3rd period - Stopped by Ilya Sorokin without a rebound.
18:54 of 3rd period - Adam Lowry wins face-off versus Jack Roslovic in Philadelphia Flyers zone.
18:56 of 3rd period - Icing by Darnell Nurse.
18:57 of 3rd period - Jack Roslovic wins face-off versus Adam Lowry in Philadelphia Flyers zone.
18:58 of 3rd period - Shot by Trent Frederic.
18:58 of 3rd period - Goal by Trent Frederic - Boston Bruins : 3 - Philadelphia Flyers : 3.
18:58 of 3rd period - Alexandar Georgiev from Boston Bruins was sent back in the game.
18:59 of 3rd period - Jack Roslovic wins face-off versus Adam Lowry in neutral zone.
19:09 of 3rd period - Shot by Victor Olofsson.
19:09 of 3rd period - Shot Misses the Net.
19:43 of 3rd period - Shot by Brad Marchand.
19:43 of 3rd period - Stopped by Ilya Sorokin with a rebound.
19:46 of 3rd period - Minor Penalty to Brad Marchand for Tripping.
19:47 of 3rd period - Troy Terry wins face-off versus Claude Giroux in Boston Bruins zone.
Goals for this period are 3 for Boston Bruins vs 0 for Philadelphia Flyers.
Shots for this period are 16 for Boston Bruins vs 11 for Philadelphia Flyers.

Overtime #1


0:01 of 1st overtime period - Claude Giroux wins face-off versus Patrice Bergeron in neutral zone.
0:28 of 1st overtime period - Shot by Claude Giroux.
0:28 of 1st overtime period - Shot Misses the Net.
1:03 of 1st overtime period - Icing by Travis Sanheim.
1:04 of 1st overtime period - Patrice Bergeron wins face-off versus Anze Kopitar in Philadelphia Flyers zone.
1:38 of 1st overtime period - Icing by Travis Sanheim.
1:39 of 1st overtime period - Patrice Bergeron wins face-off versus Hudson Fasching in Philadelphia Flyers zone.
1:50 of 1st overtime period - Shot by Brad Marchand.
1:50 of 1st overtime period - Stopped by Ilya Sorokin with a rebound.
2:17 of 1st overtime period - Shot by Travis Konecny.
2:17 of 1st overtime period - Deflect By Claude Giroux.
2:17 of 1st overtime period - Stopped by Alexandar Georgiev without a rebound.
2:18 of 1st overtime period - Patrice Bergeron wins face-off versus Scott Laughton in Boston Bruins zone.
2:27 of 1st overtime period - Shot by Troy Terry.
2:27 of 1st overtime period - Deflect By Patrice Bergeron.
2:27 of 1st overtime period - Shot Blocked by Scott Laughton.
2:39 of 1st overtime period - Shot by Morgan Frost.
2:39 of 1st overtime period - Shot Misses the Net.
3:47 of 1st overtime period - Shot by Travis Konecny.
3:47 of 1st overtime period - Shot Misses the Net.
4:42 of 1st overtime period - Shot by Ivan Barbashev.
4:42 of 1st overtime period - Shot Misses the Net.
4:44 of 1st overtime period - Shot by Ryan O'Reilly.
4:44 of 1st overtime period - Shot Misses the Net.
4:48 of 1st overtime period - Shot by Ivan Barbashev.
4:48 of 1st overtime period - Shot Blocked by Nick Jensen.
Goals for this period are 0 for Boston Bruins vs 0 for Philadelphia Flyers.
Shots for this period are 1 for Boston Bruins vs 1 for Philadelphia Flyers.

ShootOut


5:00 of 1st overtime period - Round #1.
5:00 of 1st overtime period - Boston Bruins, David Pastrnak.
5:00 of 1st overtime period - Goal by David Pastrnak.
5:00 of 1st overtime period - Philadelphia Flyers, Travis Konecny.
5:00 of 1st overtime period - Shot Misses the Net.
5:00 of 1st overtime period - Round #2.
5:00 of 1st overtime period - Boston Bruins, Victor Olofsson.
5:00 of 1st overtime period - Goal by Victor Olofsson.
5:00 of 1st overtime period - Philadelphia Flyers, Claude Giroux.
5:00 of 1st overtime period - Shot Misses the Net.
5:00 of 1st overtime period - Round #3.